omghax, neutral male scurrid Tourist --| T@. ko hoGTHT hhoHT G hoooo oCChCoo omghax the Rambler Experience level: 1 Strength: 11 Dexterity: 11 Constitution: 13 Intelligence: 15 Wisdom: 9 Charisma: 16 Health: 0(9) Energy: 2(2) Def: 0 Gold: 436 Moves: 53 Dungeon seed: bPYjAo7rZSUORm63 Game ID: omghax_1498613739 Your Inventory: Coins $ - 436 gold pieces Weapons a - 51 uncursed +2 darts (in quiver) Armor e - an uncursed +0 Hawaiian shirt (being worn) Comestibles b - 7 uncursed food rations c - 2 uncursed tripe rations d - 2 uncursed chestnuts f - an uncursed cream pie Scrolls h - 4 uncursed scrolls of magic mapping Potions g - 2 uncursed potions of extra healing Wands k - an uncursed wand of secret door detection (0:13) Tools i - an uncursed expensive camera (0:62) j - an uncursed credit card l - an uncursed tin opener Spells and supernatural/magical abilities: Name Level Category Fail Memory W - pray for help -- divine ? -- Your skills at the end: Miscellaneous Skills wands [Basic] Weapon Skills dart [Basic] Spellcasting Skills Final Attributes: You were devoutly aligned. You had infravision. You were very stealthy. You are dead. Vanquished creatures: a jackal a goblin 2 creatures vanquished. Voluntary challenges: You went without food. You did not adorn yourself with jewelry or accessories. You did not cause conflict. You were not invisible. You did not have reflection. You were not displaced. You were an atheist. You never hit with a wielded weapon. You were a pacifist. You did not use tools. You did not use plumbed fixtures. You did not drink any magical draughts. You were illiterate. You never genocided any monsters. You never polymorphed an object. You never changed form. You used no wishes. You never split a pudding. You never wrote Elbereth's name. You never violated your personal moral code. Dungeon overview: The Dungeons of Doom: levels 1 to 22 Level 1 a long staircase Level 2 a fountain Level 3 Level 4 a fountain Level 5 Level 6 Level 7 Level 8 Level 9 Level 10 Level 11 Level 12 Level 13 Level 14 Level 15 Level 16 Level 17 Level 18 Level 19 Level 20 Level 21 Level 22 <- You were here History has recorded: On T:1 you entered the Dungeons of Doom to retrieve the Amulet of Yendor! On T:5 you reached level 2 of The Dungeons of Doom. On T:7 you reached level 3 of The Dungeons of Doom. On T:10 you reached level 4 of The Dungeons of Doom. On T:12 you reached level 5 of The Dungeons of Doom. On T:14 you reached level 6 of The Dungeons of Doom. On T:16 you reached level 7 of The Dungeons of Doom. On T:19 you reached level 8 of The Dungeons of Doom. On T:21 you reached level 9 of The Dungeons of Doom. On T:23 you reached level 10 of The Dungeons of Doom. On T:27 you reached level 11 of The Dungeons of Doom. On T:29 you reached level 12 of The Dungeons of Doom. On T:31 you reached level 13 of The Dungeons of Doom. On T:34 you reached level 14 of The Dungeons of Doom. On T:36 you reached level 15 of The Dungeons of Doom. On T:38 you reached level 16 of The Dungeons of Doom. On T:38 you entered the Rogue tribute level. On T:40 you reached level 17 of The Dungeons of Doom. On T:43 you reached level 18 of The Dungeons of Doom. On T:45 you reached level 19 of The Dungeons of Doom. On T:49 you reached level 20 of The Dungeons of Doom. On T:51 you reached level 21 of The Dungeons of Doom. On T:53 you reached level 22 of The Dungeons of Doom. Score breakdown: Gold: 27 ( 2 points) Experience: 1 level ( 0 points) Exploration: 22 levels ( 630 points) Discoveries: 0 items ( 0 points) Variety of kills: 2 monsters ( 100 points) Major goal: (nothing yet) ( 0 points) Survival: died (score multiplied by 3) Total score: 2196 Latest messages: You continue digging downward. You dig a pit in the floor. You continue digging downward. You dig a hole through the floor. You fall through... You start digging downward. You continue digging downward. You dig a pit in the floor. You continue digging downward. You dig a hole through the floor. You fall through... You start digging downward. You continue digging downward. You dig a pit in the floor. You continue digging downward. You dig a hole through the floor. You fall through... You enter an opulent throne room! You hear some noises. The goblin is killed! The troll claws you! (2x) You die... Final status: Aloha omghax the Tourist, killed by a troll... You died in The Dungeons of Doom on dungeon level 22 with 2196 points, and 436 pieces of gold, after 53 moves. You were level 1 with a maximum of 9 hit points when you died.